AoeStats
← 风暴浩然

Nomad

507692796Analyzed
3v3 RM · 14d ago on Sep 19, 2026· 56m 46s· 6 players
Game mode
Random Map
Map size
210×210
Population
200
Speed
Normal
Resources
Standard
Victory
Conquest
Starting age
Dark Age
Ending age
Imperial Age
RankedLock teamsTeams togetherTeam positionsShared explorationLock speedFull tech treeHidden civsTurbo modeCheats
Victory
Defeat
🇳🇱 Koreans · Netherlands
1039
+12
🇸🇪 Spanish · Sweden
1028
+13
🇨🇦 Lithuanians · Canada
1005
+14
🇨🇳 Spanish · China
962
-13
🇪🇸 Magyars · Spain
955
-13
🇭🇰 Goths · Hong Kong SAR China
954
-13
zeburt
6:13 Loom
14:39 Feudal Age
20:43 Castle Age
19:07 Double-Bit Axe
20:23 Fletching
21:14 Wheelbarrow
20:25 Town Watch
24:05 Hand Cart
23:54 Gold Mining
24:06 Bodkin Arrow
25:57 Eupseong
26:24 Bow Saw
29:44 Ballistics
29:34 Masonry
36:19 Fishing Lines
36:50 Horse Collar
39:17 Gillnets
39:10 Treadmill Crane
39:26 Murder Holes
40:57 Husbandry
42:36 Heavy Plow
42:55 Arson
43:10 Squires
43:51 Stone Mining
44:06 Town Patrol
44:44 Gold Shaft Mining
45:23 Scale Mail Armor
45:33 Forging
45:31 Treadmill Crane
48:52 Imperial Age
48:45 Chain Mail Armor
49:06 Iron Casting
49:57 Conscription
49:04 Elite Fire Lancer
50:19 Plate Mail Armor
49:51 Bracer
53:52 Capped Ram
WRick
3:45 Loom
14:37 Feudal Age
15:08 Double-Bit Axe
20:27 Castle Age
19:01 Gold Mining
19:27 Fishing Lines
20:03 Stone Mining
20:54 Wheelbarrow
22:07 Bow Saw
23:05 Fletching
26:04 Scale Barding Armor
26:14 Gillnets
26:34 Medium Warships
30:22 Redemption
30:40 Inquisition
34:45 Husbandry
36:00 Horse Collar
37:46 Hand Cart
37:17 Town Watch
39:01 Bloodlines
42:33 Imperial Age
42:18 Town Patrol
43:41 Conscription
43:42 Supremacy
44:51 Chemistry
44:11 Ballistics
45:34 Masonry
45:19 Murder Holes
45:03 Elite Conquistador
48:39 Block Printing
48:52 Illumination
48:36 Devotion
49:16 Theocracy
49:35 Chain Barding Armor
49:25 Forging
49:11 Bodkin Arrow
52:07 Architecture
54:03 Light Cavalry
AngryArtifact
12:38 Feudal Age
13:05 Double-Bit Axe
13:06 Fishing Lines
20:02 Castle Age
20:11 Wheelbarrow
19:33 Horse Collar
22:14 Hand Cart
22:25 Heavy Plow
22:55 Gold Mining
23:09 Husbandry
23:52 Scale Mail Armor
26:10 Town Watch
26:50 Bow Saw
27:34 Gillnets
29:33 Forging
32:15 Imperial Age
30:08 Stone Mining
31:10 Bloodlines
32:17 Cavalier
33:56 Iron Casting
33:27 Scale Barding Armor
37:21 Stone Shaft Mining
38:40 Chain Barding Armor
38:52 Paladin
39:43 Loom
41:09 Fletching
41:19 Padded Archer Armor
41:13 Elite Skirmisher
41:58 Thumb Ring
42:52 Bodkin Arrow
43:13 Leather Archer Armor
43:34 Plate Barding Armor
43:42 Crop Rotation
43:37 Conscription
46:39 Bracer
47:09 Ring Archer Armor
49:29 Tower Shields
56:33 Elite Leitis
Ahtipic1117
4:56 Loom
13:46 Feudal Age
14:29 Double-Bit Axe
17:13 Horse Collar
21:14 Castle Age
21:49 Scale Barding Armor
22:59 Bloodlines
23:18 Chain Barding Armor
26:14 Husbandry
27:18 Elite Skirmisher
28:53 Padded Archer Armor
28:44 Fletching
30:05 Wheelbarrow
31:35 Bodkin Arrow
32:34 Hand Cart
35:48 Leather Archer Armor
36:10 Bow Saw
36:52 Corvinian Army
37:32 Town Watch
38:55 Thumb Ring
41:19 Town Patrol
44:26 Corvinian Army
45:45 Ballistics
48:00 Heavy Plow
风暴戴
13:40 Feudal Age
16:25 Fishing Lines
19:13 Castle Age
17:38 Double-Bit Axe
20:50 Gillnets
21:28 Bow Saw
23:03 Wheelbarrow
23:17 Loom
23:50 Squires
23:44 Man-at-Arms
27:48 Horse Collar
30:09 Anarchy
30:31 Scale Mail Armor
33:20 Chain Mail Armor
36:11 Pikeman
49:04 Forging
55:56 Town Watch
风暴浩然
15:17 Feudal Age
17:54 Fishing Lines
22:23 Castle Age
21:01 Wheelbarrow
20:52 Double-Bit Axe
21:30 Horse Collar
21:51 Loom
21:54 Town Watch
23:35 Heavy Plow
24:37 Bow Saw
25:37 Loom
26:35 Stone Mining
26:40 Gold Mining
27:31 Gillnets
29:28 Town Patrol
32:07 Hand Cart
32:33 Inquisition
32:49 Husbandry
33:01 Bloodlines
35:39 Fletching
35:50 Padded Archer Armor
37:11 Ballistics
41:25 Imperial Age
39:18 Bodkin Arrow
39:38 Leather Archer Armor
39:35 Forging
41:29 Elite Conquistador
42:57 Conscription
43:43 Supremacy
46:36 Pikeman
48:20 Bracer
48:50 Ring Archer Armor
49:23 Chemistry
48:35 Fortified Wall
48:21 Murder Holes
48:37 Masonry
49:14 Squires
51:16 Hoardings
52:25 Halberdier
52:26 Man-at-Arms
53:53 Man-at-Arms
54:59 Long Swordsman
Connection lost

Rejoining the realm…

Still unreachable

The connection could not be restored.

Session expired

The server has moved on; the page needs a fresh start.